[Event "10th Amsterdam Science Park 2022"]
[Site "Amsterdam"]
[Date "2022.07.20"]
[Round "3.7"]
[White "Schilstra, Laurens"]
[Black "Honkoop, Gilian"]
[Result "1-0"]
[ECO "C77"]
[WhiteElo "1993"]
[BlackElo "2205"]
[Annotator "TA"]
[PlyCount "73"]
[EventDate "2022.07.18"]
[EventCountry "NED"]
[SourceTitle "playchess.com"]
[Source "ChessBase"]
[SourceQuality "1"]
[TimeControl "5400+30"]

1. e4 e5 2. Nf3 Nc6 3. Bb5 a6 4. Ba4 Nf6 5. Bxc6 dxc6 6. d3 Bd6 {[%emt 0:02:13] 6...Bd6 is better than 6...Nd7.} 7. Nc3 {[%emt 0:01:48] C77: Ruy Lopez: 3...a6 4 Ba4 Nf6, unusual lines.} O-O 8. Bg5 h6 {[%emt 0:01:03] [#]} 9. Be3 $146 {[%emt 0:01:26] The position is equal.} ({Predecessor:} 9. Bd2 Re8 10. Qe2 Be6 11. O-O-O c5 12. h3 b5 13. g4 b4 14. Nb1 Bxa2 15. g5 hxg5 16. Bxg5 {1-0 (49) Whale,M (1743)-Orton,P (1608) Fishguard 2018}) 9... c5 10. h3 Be6 11. Qe2 Nd7 12. g4 Nb8 13. g5 h5 14. Nd5 {[%emt 0:00:54][%cal Od5f6] Threatens to win with Nf6+!} Nd7 {[%emt 0:04:37] Inhibits Nf6+.} 15. Rg1 c6 {[%emt 0:07:37] [#] Black is on the road to losing.} (15... Bxh3 16. Nxe5 g6 17. Nxd7 Bxd7 18. Nf6+ Kg7 19. O-O-O $18) ({Better is} 15... g6 $1 $11) 16. Nf6+ $1 $16 Nxf6 17. gxf6 g6 {[%emt 0:07:42] [#]} (17... Qxf6 $16 18. Bg5 Qg6) 18. Bg5 $2 (18. Nh4 $1 $18 {is the precise move to win. Strongly threatening Qxh5.} Kh7 19. Qf3) 18... Qd7 $2 (18... Bxh3 19. Qd2 Re8 20. Bh4) (18... Re8 $16) 19. Qe3 Kh7 (19... Bxh3 $2 20. Bh4 Kh7 21. Ng5+ Kg8 22. Nxh3 $18) 20. Bh4 {[%emt 0:07:21] Black must now prevent Ng5+.} ({Don't play} 20. Bh6 Rg8 21. O-O-O (21. Bg7 Rxg7 22. Ng5+ Kh8 $16) 21... Rae8) 20... Rh8 21. O-O-O Kg8 22. Rg5 Qc7 (22... Bg4 $142 23. hxg4 hxg4) 23. Bg3 $18 Bxh3 (23... Kf8 $142 24. Nxe5 (24. Bxe5 Bxh3 25. Rh1 Be6 $16) 24... h4) 24. Nxe5 Be6 {[%emt 0:01:32] [#]} (24... Kf8 $142 25. Rxg6 (25. Nc4 Bxg3 26. Qxc5+ Kg8 $18) 25... Bxe5) 25. Nxg6 $1 fxg6 26. Rxg6+ Kf8 27. e5 Qa5 28. exd6 Qxa2 29. Qxc5 (29. Rg7 $142 Qa1+ 30. Kd2 Qa5+ 31. c3 Qa2 32. Rxb7 Rh7 33. Rxh7 Qxb2+ 34. Ke1 Qxc3+ 35. Rd2 Qa1+ 36. Rd1 Qc3+ 37. Rd2 Qa1+ 38. Ke2 Bg4+ 39. f3 Qxf6 40. Be5) 29... b6 30. Qxb6 {[%emt 0:01:56] d7 would kill now.} Rh7 31. Rg7 Rxg7 32. fxg7+ Kg8 33. Re1 {[%emt 0:02:44] Hoping for Re5.} Re8 34. Qc5 Kxg7 35. Qg5+ {[%emt 0:00:15] White mates.} Kf8 36. Qf6+ Kg8 37. Re5 {[%emt 0:00:41] Weighted Error Value: White=0.22 (precise) /Black=0.75} 1-0

[Event "10th Amsterdam Science Park 2022"]
[Site "Amsterdam"]
[Date "2022.07.20"]
[Round "3.8"]
[White "Stolwijk, Colin"]
[Black "Theulings, Paul-Peter"]
[Result "1-0"]
[ECO "C24"]
[WhiteElo "2277"]
[BlackElo "2056"]
[Annotator "TA"]
[PlyCount "77"]
[EventDate "2022.07.18"]
[EventCountry "NED"]
[SourceTitle "playchess.com"]
[Source "ChessBase"]
[SourceQuality "1"]
[TimeControl "5400+30"]

1. e4 e5 2. Bc4 Nf6 3. d3 c6 4. Nf3 d5 5. Bb3 a5 6. a4 {[%emt 0:00:05] C24: Bishop's Opening: 2...Nf6.} (6. Nxe5 $2 a4 7. Bxd5 cxd5 8. exd5 Nxd5 $19) 6... Bb4+ 7. c3 Bd6 8. exd5 {[%emt 0:00:40] The position is equal.} cxd5 9. Na3 {[%emt 0:00:26] [#]} Nbd7 $146 ({Predecessor:} 9... Nc6 10. Nb5 Bb8 11. Bg5 Be6 12. O-O h6 13. Bh4 O-O 14. Re1 g5 15. Bg3 Bg4 {0-1 (61) Onischuk,V (2608)-Motylev,A (2665) Minsk 2017}) 10. Nb5 Bb8 11. O-O O-O 12. Bg5 h6 13. Bh4 Re8 14. Re1 (14. Bxd5 g5 15. Bxg5 hxg5 $17) 14... Ra6 15. Bg3 (15. Bxd5 g5 16. Bxf7+ Kxf7 $17) 15... Rae6 16. Ba2 b6 17. d4 e4 18. Bxb8 Nxb8 (18... exf3 19. Rxe6 Rxe6 20. Bc7 $16) 19. Ne5 Bb7 (19... Nbd7 $15) 20. c4 $11 Na6 21. cxd5 Nxd5 22. Nc3 {[%emt 0:04:50][%cal Oe5f7] Hoping for Nxf7!} ({Don't play} 22. Rxe4 f6 23. f4 R6e7 $15) 22... Nab4 23. Bb1 (23. Bb3 $11 {remains equal.}) 23... f6 $17 24. Ng4 f5 25. Nxd5 Nxd5 26. Ne5 Nb4 27. Ra3 Rd6 {[%emt 0:05:58] Threatens to win with ...Rxe5.} 28. Qh5 (28. Qb3+ $17 Bd5 29. Qe3) 28... Rf6 $2 (28... Rf8 $19 29. Rg3 Rff6) 29. Rc3 (29. g4 $1 $11) 29... Re7 ({Black should try} 29... Ref8 30. Rd1 Rd6) 30. Rec1 $2 (30. Rd1 $17) 30... Kh7 (30... Qxd4 $19 {has better winning chances.} 31. Ng6 Rd7) 31. g4 g6 (31... Qxd4 $142 32. g5 Qxe5 $1 33. gxf6 Qxf6) 32. Qh3 {[%emt 0:00:03] And now g5 would win.} ({Don't blunder} 32. Qh4 $2 g5 33. Qg3 f4 $19) 32... Qxd4 $2 (32... Rf8 $17 33. Qh4 (33. g5 $2 h5 $19) 33... Rg7 34. Qxd8 Rxd8) 33. g5 $1 $18 Rd6 34. Qxh6+ Kg8 35. Nxg6 {[%emt 0:00:10] Intending Qf8+ and mate.} Rg7 {[%emt 0:03:07] [#]} 36. Rc8+ $1 Bxc8 37. Rxc8+ Rd8 38. Rxd8+ Qxd8 39. Qh8+ {[%emt 0:00:08][%mdl 64] Skewer. White used his chance.  Weighted Error Value: White=0.32/Black=0.47} 1-0

[Event "10th Amsterdam Science Park 2022"]
[Site "Amsterdam"]
[Date "2022.07.20"]
[Round "3.9"]
[White "Afek, Yochanan"]
[Black "Labruyere, Roger"]
[Result "1/2-1/2"]
[ECO "B22"]
[WhiteElo "2210"]
[BlackElo "2070"]
[Annotator "TA"]
[PlyCount "86"]
[EventDate "2022.07.18"]
[EventCountry "NED"]
[SourceTitle "playchess.com"]
[Source "ChessBase"]
[SourceQuality "1"]
[TimeControl "5400+30"]

1. e4 c5 2. Nf3 e6 3. c3 Nf6 4. e5 Nd5 5. Bc4 Nc6 6. O-O Be7 7. d4 cxd4 8. cxd4 d6 9. Qe2 O-O 10. Qe4 {[%emt 0:03:45] 10.Rd1 is setting a new trend.} Ndb4 {[%emt 0:07:14] [#] And now ...d5 would win.} 11. Bb3 {[%emt 0:08:37] B22: Sicilian: 2 c3.} (11. exd6 $142 Bxd6 12. Nc3 (12. a3 Nd5 $14)) 11... dxe5 $11 12. dxe5 Qd3 {[%emt 0:00:13] [#]} 13. Qf4 $146 {[%emt 0:08:47] Black has an edge.} ({Predecessor:} 13. Nc3 Qxe4 14. Nxe4 Rd8 15. Bg5 Bxg5 16. Nexg5 Bd7 17. Rfd1 Na5 18. Nd4 Nxb3 19. axb3 {½-½ (38) Vlassov,N (2294)-Zubov,A (2598) Chess.com INT 2021}) 13... Nc2 14. Ne1 Nxe1 15. Rxe1 Nd4 {[%emt 0:05:05] [#] Hoping for ...Ne2+.} 16. Nc3 {[%emt 0:02:34] Against Ne2+. aiming for Re3.} Nxb3 17. axb3 Rd8 18. Be3 {[%emt 0:00:32] Black must now prevent Red1.} Bd7 19. b4 Bc6 20. Rxa7 Rxa7 (20... Qc2 {looks sharper.} 21. Rxa8 Rxa8 22. b5 Qxb2 23. Qd4 Bxb5 24. Nd5 Qxd4 25. Nxe7+ Kf8) 21. Bxa7 Qd2 22. Qxd2 Rxd2 23. b5 Be8 24. Re2 Rxe2 25. Nxe2 Bxb5 {[%emt 0:00:05][%mdl 4096] Endgame KBB-KBN} 26. Nd4 Bd3 27. f3 Kf8 28. Kf2 Ke8 29. Ke3 Bc4 30. Nc2 Kd7 31. Kd4 Bd5 32. Bc5 Bd8 33. Nb4 Bb3 34. Kc3 $1 Ba4 35. Kc4 Bd1 36. Be3 Be2+ 37. Kc3 Ba5 38. Bc5 g5 39. Kd4 g4 40. f4 g3 41. hxg3 {[%emt 0:00:49] The position is equal.} Bf1 42. g4 Bxg2 43. g5 Bh1 {[%emt 0:00:56] Weighted Error Value: White=0.07 (flawless) /Black=0.06 (flawless)} 1/2-1/2

[Event "10th Amsterdam Science Park 2022"]
[Site "Amsterdam"]
[Date "2022.07.20"]
[Round "3.10"]
[White "Tan, Kevin"]
[Black "Kanis, Sierk"]
[Result "1/2-1/2"]
[ECO "A56"]
[WhiteElo "2209"]
[BlackElo "1985"]
[Annotator "TA"]
[PlyCount "78"]
[EventDate "2022.07.18"]
[EventCountry "NED"]
[SourceTitle "playchess.com"]
[Source "ChessBase"]
[SourceQuality "1"]
[TimeControl "5400+30"]

1. d4 Nf6 2. c4 c5 3. e3 g6 4. g3 Bg7 5. Bg2 cxd4 6. exd4 {[%emt 0:00:48] A56: Czech Benoni.} d5 7. Nc3 dxc4 8. Qa4+ Nbd7 9. Nf3 O-O 10. Qxc4 Nb6 11. Qe2 {[%emt 0:02:53] [#]} Bg4 $146 ({Predecessor:} 11... Be6 12. O-O Bc4 13. Qd1 Bxf1 14. Qxf1 Nfd5 15. Bd2 Rc8 16. Ne5 Nxc3 17. Bxc3 Nd5 {0-1 (34) Tomitz,H (2102)-Kavcic,Z (2290) St Veit 2008}) 12. O-O Qd7 13. Re1 Bxf3 14. Qxf3 e6 15. Qxb7 Qxd4 16. Bf4 Qb4 (16... Ng4 17. Qf3 Nh6 18. Red1 $16) 17. Re2 Rfd8 18. Rc1 h6 19. Rec2 {[%emt 0:05:07] White is more active.} (19. Bc6 $1 $14 {was preferrable.}) 19... Rd7 $11 20. Qa6 $36 {[%emt 0:00:47][%mdl 2048] White has some pressure.} Nfd5 21. Nxd5 exd5 ({Better is} 21... Nxd5 $14 22. Bd2 (22. Rc8+ Rd8 $14) 22... Qe7) 22. Bd2 $16 {[%emt 0:07:12] A strong pair of Bishops.} Qa4 (22... Qg4 $16 {might work better.}) 23. Qxa4 $18 Nxa4 24. b3 Nb6 {[%emt 0:00:04] [#] Against Rc8+} 25. a4 $1 {[%emt 0:00:14] Black must now prevent a5.} a5 (25... Rdd8 {was called for.} 26. Be3 Rab8) 26. Rc5 Rda7 27. Rb5 Ra6 28. Rc6 Bd4 29. Bxh6 Re8 30. Be3 (30. Bxd5 Nxd5 31. Rxa6 Nc7 32. Raxa5 Nxb5 33. Rxb5 Re1+ 34. Kg2 Re2 $18) 30... Bxe3 31. fxe3 Re6 32. Rbc5 {[%emt 0:02:55] Rxe6 is the strong threat.} Nd7 {[%emt 0:01:22] [#]} 33. Rc8+ ({Avoid the trap} 33. Rxd5 $2 Raxc6 34. Rxd7 Rc1+ 35. Kf2 Rf6+ 36. Ke2 Rc2+ 37. Kd3 (37. Rd2 $2 Rxd2+ 38. Kxd2 Rf2+ 39. Kc3 Rxg2 $19) 37... Rxg2 $19) (33. Rxa6 $1 $18 {and the rest is easy.} Rxa6 34. Rxd5) 33... Kg7 $16 34. R5c7 ({Much worse is} 34. Rxd5 $6 Nb6 35. Rc7 Nxd5 36. Bxd5 Rxe3 $11) 34... Nf6 35. Rb8 (35. Rc3 $16) 35... Rab6 (35... Rad6 $11) 36. Rbb7 (36. Rxb6 $14 Rxb6 37. Rc3) 36... Rxb7 $11 37. Rxb7 Rxe3 38. b4 axb4 (38... Rb3 $15 39. b5 d4) 39. Rxb4 Ra3 {[%emt 0:01:19] Black escapes into a draw.  Weighted Error Value: White=0.22 (precise) /Black=0.17 (very precise)} 1/2-1/2

[Event "10th Amsterdam Science Park 2022"]
[Site "Amsterdam"]
[Date "2022.07.21"]
[Round "4.1"]
[White "Croese, Cor"]
[Black "Van Delft, Merijn"]
[Result "0-1"]
[ECO "B91"]
[WhiteElo "2173"]
[BlackElo "2383"]
[Annotator "ChessBase"]
[PlyCount "108"]
[EventDate "2022.07.18"]
[EventCountry "NED"]
[SourceTitle "playchess.com"]
[Source "ChessBase"]
[SourceQuality "1"]
[TimeControl "5400+30"]

1. e4 c5 2. Nf3 d6 3. d4 cxd4 4. Nxd4 Nf6 5. Nc3 a6 6. g3 e5 7. Nde2 Be7 8. Bg2 O-O 9. O-O Be6 10. a4 Nbd7 11. b3 Rc8 12. h3 Re8 13. Be3 Qa5 14. Qd2 Bd8 15. f4 Nf8 16. f5 Bd7 17. Rfd1 h5 18. Bf3 Bb6 19. Bxb6 Qxb6+ 20. Kg2 Bxf5 21. a5 Qc5 22. Qxd6 Bg6 23. Qxc5 Rxc5 24. Kf2 Ne6 25. Ke3 Nd4 26. Ra2 Rec8 27. Rd3 Nc6 28. Ra4 Nxa5 29. Nd5 Nxd5+ 30. Rxd5 b6 31. Rxc5 Rxc5 32. Kd3 Nc6 33. c3 Rd5+ 34. Ke3 Ra5 35. Rc4 Rc5 36. Rxc5 bxc5 37. Kd3 f6 38. Kc4 Na5+ 39. Kxc5 Nxb3+ 40. Kb6 Nd2 41. Bg2 Bf7 42. Ng1 Nb1 43. Ne2 Bc4 44. Bf3 g6 45. Kc5 Bxe2 46. Bxe2 Nxc3 47. Bd3 a5 48. h4 Kg7 49. Kc4 Nd1 50. Be2 Nf2 51. Bf3 Kh6 52. Kb5 g5 53. Kxa5 gxh4 54. gxh4 Nd3 0-1

[Event "10th Amsterdam Science Park 2022"]
[Site "Amsterdam"]
[Date "2022.07.21"]
[Round "4.2"]
[White "Bosboom, Manuel"]
[Black "Schilstra, Laurens"]
[Result "1-0"]
[ECO "A50"]
[WhiteElo "2381"]
[BlackElo "1993"]
[Annotator "ChessBase"]
[PlyCount "89"]
[EventDate "2022.07.18"]
[EventCountry "NED"]
[SourceTitle "playchess.com"]
[Source "ChessBase"]
[SourceQuality "1"]
[TimeControl "5400+30"]

1. c4 b6 2. d4 Bb7 3. Nc3 Nf6 4. d5 e6 5. a3 exd5 6. cxd5 Bc5 7. g3 O-O 8. Bg2 Re8 9. Nh3 c6 10. d6 Re6 11. Bf4 Qf8 12. Ng5 Rxd6 13. Bxd6 Bxd6 14. O-O Be5 15. Rc1 d5 16. Nf3 Bxc3 17. Rxc3 Nbd7 18. b4 Rd8 19. Qa4 a5 20. Rb1 axb4 21. axb4 Qd6 22. Nd4 Ne5 23. Qa7 Qc7 24. Qa2 Ne4 25. Rcc1 Qe7 26. Nf5 Qd7 27. Bxe4 dxe4 28. Rd1 Qxd1+ 29. Rxd1 Rxd1+ 30. Kg2 g6 31. Ne3 Rd7 32. Qa7 f6 33. Qxb6 Kf7 34. g4 Ke6 35. Kg3 f5 36. h3 h5 37. Qc5 hxg4 38. hxg4 Rf7 39. Ng2 g5 40. gxf5+ Rxf5 41. Ne3 Rf7 42. Nc2 Rd7 43. Nd4+ Kf6 44. e3 Bc8 45. Qf8+ 1-0

[Event "10th Amsterdam Science Park 2022"]
[Site "Amsterdam"]
[Date "2022.07.21"]
[Round "4.3"]
[White "Zwirs, Nico"]
[Black "Van Arkel, Rogier"]
[Result "1-0"]
[ECO "B01"]
[WhiteElo "2485"]
[BlackElo "2187"]
[Annotator "ChessBase"]
[PlyCount "123"]
[EventDate "2022.07.18"]
[EventCountry "NED"]
[SourceTitle "playchess.com"]
[Source "ChessBase"]
[SourceQuality "1"]
[TimeControl "5400+30"]

1. e4 d5 2. exd5 Nf6 3. d4 Bg4 4. Bb5+ c6 5. dxc6 Nxc6 6. Nf3 Qb6 7. Bxc6+ bxc6 8. Qd3 e6 9. O-O Rd8 10. Nbd2 Be7 11. c3 O-O 12. Nc4 Qc7 13. Nce5 Bf5 14. Qc4 Be4 15. b4 h6 16. Nd2 Bf5 17. Re1 Bd6 18. h3 Rc8 19. a4 Nd5 20. a5 Rfd8 21. Nb3 Qe7 22. Bd2 Qh4 23. Qe2 Qe7 24. Qf3 Bb8 25. Nc5 f6 26. Nc4 Qc7 27. g3 Re8 28. Kg2 Qf7 29. Na6 Red8 30. Ne3 Bg6 31. Nxb8 Rxb8 32. Kh2 Qc7 33. Qg4 Qf7 34. Ng2 Re8 35. Qf3 Qd7 36. Nf4 Bf5 37. Nd3 e5 38. Nc5 Qc8 39. dxe5 fxe5 40. g4 Bg6 41. Re2 Re7 42. Rae1 Qf8 43. Qxf8+ Rxf8 44. c4 Nf4 45. Rxe5 Rxe5 46. Rxe5 Nd3 47. Nxd3 Bxd3 48. Be3 a6 49. Rc5 Rf6 50. Kg3 Be4 51. b5 Rf3+ 52. Kh2 cxb5 53. cxb5 axb5 54. a6 Rf6 55. a7 Ra6 56. Rxb5 g5 57. h4 gxh4 58. Kh3 Ra1 59. Kxh4 Kh7 60. Re5 Bf3 61. Kg3 Bh1 62. f3 1-0

[Event "10th Amsterdam Science Park 2022"]
[Site "Amsterdam"]
[Date "2022.07.21"]
[Round "4.4"]
[White "Kumar, Prajit Sai"]
[Black "Blom, Vincent"]
[Result "1/2-1/2"]
[ECO "D03"]
[WhiteElo "2040"]
[BlackElo "2325"]
[Annotator "ChessBase"]
[PlyCount "105"]
[EventDate "2022.07.18"]
[EventCountry "NED"]
[SourceTitle "playchess.com"]
[Source "ChessBase"]
[SourceQuality "1"]
[TimeControl "5400+30"]

1. d4 Nf6 2. Nf3 g6 3. Bg5 Bg7 4. Nbd2 d5 5. e3 O-O 6. Be2 c5 7. c3 Qb6 8. Qb3 Nc6 9. O-O Bf5 10. h3 h6 11. Bf4 g5 12. Bh2 c4 13. Qa3 Qd8 14. b3 b5 15. bxc4 bxc4 16. Bd1 a6 17. Qb2 Bd3 18. Re1 Ne4 19. Be2 Qa5 20. Rac1 Qb5 21. Qa3 Qa5 22. Qb2 e5 23. Bxd3 cxd3 24. dxe5 Qb5 25. Qa3 Qa5 26. Qb2 Rab8 27. Nb3 Qa4 28. Red1 Nc5 29. Nxc5 Qxd1+ 30. Rxd1 Rxb2 31. Nxa6 Ra8 32. Nc7 Ra5 33. Bg3 Rb7 34. Ne8 Rxa2 35. Kh2 d2 36. Nxg7 Kxg7 37. Nxd2 Ra4 38. Nf3 Ne7 39. h4 Kg6 40. Rd4 Ra1 41. hxg5 Rbb1 42. Kh3 Rh1+ 43. Kg4 hxg5 44. Nxg5 Nf5 45. Rxd5 Ra4+ 46. e4 Rh5 47. Bf4 Nh6+ 48. Kf3 Rxg5 49. Rd6+ Kh5 50. Bxg5 Kxg5 51. e6 f5 52. exf5 Nxf5 53. Rc6 1/2-1/2

[Event "10th Amsterdam Science Park 2022"]
[Site "Amsterdam"]
[Date "2022.07.21"]
[Round "4.5"]
[White "De Winter, Arthur"]
[Black "Bruil, Rembrandt"]
[Result "1/2-1/2"]
[ECO "B36"]
[WhiteElo "2150"]
[BlackElo "2204"]
[Annotator "ChessBase"]
[PlyCount "40"]
[EventDate "2022.07.18"]
[EventCountry "NED"]
[SourceTitle "playchess.com"]
[Source "ChessBase"]
[SourceQuality "1"]
[TimeControl "5400+30"]

1. e4 c5 2. Nf3 Nc6 3. d4 cxd4 4. Nxd4 g6 5. c4 Nf6 6. Nc3 Nxd4 7. Qxd4 d6 8. f3 Bg7 9. Be3 O-O 10. Qd2 Be6 11. Rc1 Qa5 12. b3 a6 13. Na4 Qxd2+ 14. Kxd2 Nd7 15. Be2 Rfb8 16. Nc3 Rc8 17. g4 b5 18. Nd5 Bxd5 19. cxd5 Bb2 20. Rb1 Bc3+ 1/2-1/2

[Event "10th Amsterdam Science Park 2022"]
[Site "Amsterdam"]
[Date "2022.07.21"]
[Round "4.6"]
[White "De Groote, Ewoud"]
[Black "Duchene, Rene"]
[Result "1/2-1/2"]
[ECO "C11"]
[WhiteElo "2245"]
[BlackElo "2137"]
[Annotator "ChessBase"]
[PlyCount "50"]
[EventDate "2022.07.18"]
[EventCountry "NED"]
[SourceTitle "playchess.com"]
[Source "ChessBase"]
[SourceQuality "1"]
[TimeControl "5400+30"]

1. e4 e6 2. d4 d5 3. Nc3 Nf6 4. e5 Nfd7 5. Nce2 c5 6. c3 Nc6 7. Nf3 Be7 8. a3 a5 9. a4 O-O 10. Nf4 cxd4 11. cxd4 Nb4 12. Bd2 Nb8 13. h4 N8c6 14. g3 f6 15. exf6 gxf6 16. Bc3 Re8 17. Be2 Bf8 18. O-O e5 19. Ng2 e4 20. Nfe1 Bh6 21. Bd2 Bg7 22. Be3 Be6 23. Kh2 f5 24. Qd2 Qf6 25. Rd1 Rac8 1/2-1/2

[Event "10th Amsterdam Science Park 2022"]
[Site "Amsterdam"]
[Date "2022.07.21"]
[Round "4.7"]
[White "Labruyere, Roger"]
[Black "Van der Poel, Henk"]
[Result "0-1"]
[ECO "B52"]
[WhiteElo "2070"]
[BlackElo "2210"]
[Annotator "ChessBase"]
[PlyCount "64"]
[EventDate "2022.07.18"]
[EventCountry "NED"]
[SourceTitle "playchess.com"]
[Source "ChessBase"]
[SourceQuality "1"]
[TimeControl "5400+30"]

1. e4 c5 2. Nf3 d6 3. Bb5+ Bd7 4. Bxd7+ Nxd7 5. c4 Ngf6 6. Nc3 g6 7. O-O Bg7 8. Qe2 O-O 9. Rd1 a6 10. d4 cxd4 11. Nxd4 Rc8 12. a4 Qa5 13. Bd2 Qc5 14. Nc2 Qxc4 15. Qxc4 Rxc4 16. Ne3 Rc6 17. b4 Rfc8 18. b5 Rxc3 19. Bxc3 Rxc3 20. bxa6 bxa6 21. Rab1 Bf8 22. Nd5 Nxd5 23. exd5 Nc5 24. Ra1 a5 25. Rdc1 Rd3 26. Rd1 Rxd1+ 27. Rxd1 Bg7 28. Rc1 Bb2 29. Rc2 Nxa4 30. Kf1 Bc3 31. Ke2 Bb4 32. Kd3 Nb6 0-1

[Event "10th Amsterdam Science Park 2022"]
[Site "Amsterdam"]
[Date "2022.07.21"]
[Round "4.8"]
[White "Dekker, Constantijn"]
[Black "Tan, Kevin"]
[Result "1/2-1/2"]
[ECO "D20"]
[WhiteElo "1931"]
[BlackElo "2209"]
[Annotator "ChessBase"]
[PlyCount "56"]
[EventDate "2022.07.18"]
[EventCountry "NED"]
[SourceTitle "playchess.com"]
[Source "ChessBase"]
[SourceQuality "1"]
[TimeControl "5400+30"]

1. d4 d5 2. c4 dxc4 3. e3 b6 4. Bxc4 Bb7 5. Nf3 e6 6. Nc3 a6 7. O-O Nf6 8. a3 Nbd7 9. b4 Ra7 10. d5 exd5 11. Nxd5 Nxd5 12. Bxd5 Qf6 13. Rb1 Bd6 14. Bb2 Qh6 15. e4 Bxd5 16. Qxd5 c6 17. Qf5 O-O 18. e5 Be7 19. Rbd1 Rd8 20. Nd4 c5 21. e6 fxe6 22. Nxe6 g6 23. Qd5 Nf6 24. Qb3 Rxd1 25. Rxd1 Qh4 26. g3 c4 27. Qf3 Qe4 28. Kg2 b5 1/2-1/2

[Event "10th Amsterdam Science Park 2022"]
[Site "Amsterdam"]
[Date "2022.07.21"]
[Round "4.9"]
[White "Baarslag, Ed"]
[Black "Brouwer, Rein"]
[Result "1-0"]
[ECO "D11"]
[WhiteElo "2161"]
[BlackElo "2076"]
[Annotator "TA"]
[PlyCount "83"]
[EventDate "2022.07.18"]
[EventCountry "NED"]
[SourceTitle "playchess.com"]
[Source "ChessBase"]
[SourceQuality "1"]
[TimeControl "5400+30"]

1. d4 d5 2. Nf3 Nf6 3. g3 Bf5 4. Bg2 e6 5. c4 c6 6. Qb3 {[%emt 0:01:37] D11: Slav Defence: 3 Nf3 sidelines and 3...Nf6 4 e3 Bg4.} Qb6 7. c5 Qxb3 8. axb3 {[%emt 0:00:13] The position is equal.} Na6 9. Nc3 h6 {[%emt 0:09:59] [#]} 10. h4 $146 ({Predecessor:} 10. Ra4 Bc2 11. O-O Bxb3 12. Ra3 Bc2 13. Bd2 Nc7 14. Bf4 Nb5 15. Nxb5 cxb5 16. Rfa1 {1-0 (38) Hess,M (2392)-Wagner,D (2584) Chess.com INT 2022}) 10... Be7 11. Bf4 O-O (11... Nd7 $1 $15) 12. Ra4 Bc2 13. Ne5 {[%emt 0:13:03][%cal Oe5c6] Strongly threatening Nxc6!} Nh5 {[%emt 0:07:34] [#]} (13... Nb8 $14) 14. Be3 $1 $16 Nb8 15. Kd2 Bh7 (15... Bxb3 $2 16. Rb4 $18) 16. b4 {[%emt 0:02:00] 0x0.0024b310586ddp-1022s more active pieces.} Nf6 17. Rha1 a6 18. f3 (18. b5 $14) 18... Ne8 (18... Nbd7 $5 ) 19. b5 f6 20. Nd3 Bxd3 21. Kxd3 Nc7 (21... cxb5 $11 22. Nxb5 Nc6) 22. bxa6 (22. b6 $14 Nb5 23. Ra5) 22... Rxa6 ({Better is} 22... Nbxa6 $15 23. Bh3 e5) 23. b4 $14 e5 24. Bh3 exd4 25. Bxd4 Rxa4 26. Nxa4 Nba6 27. Rb1 Kf7 28. Nb6 {[%emt 0:00:26] And now Bc8 would win.} h5 ({Black should try} 28... Rb8 $14) 29. Bc8 $16 {[%emt 0:01:21] This bishop pair is nice.} Nb8 (29... Ne6 $16 {is a better defense.} 30. Bxb7 Nxb4+ 31. Rxb4 Bxc5) 30. Bxb7 $18 Nb5 31. Ra1 Bd8 32. Nc8 {[%emt 0:00:45] Black must now prevent Nd6+.} Bc7 {[%emt 0:00:14] Inhibits Nd6+.} 33. Bf2 Ke6 34. Na7 Nxa7 35. Rxa7 Kd7 36. b5 cxb5 37. Bxd5 {[%emt 0:00:15] Hoping for Kc3.} Nc6 38. Bxc6+ Kxc6 39. Ra6+ Kb7 {[%emt 0:00:17] [#]} 40. Re6 Rf7 $2 (40... Rd8+ 41. Kc2 Kc8) 41. c6+ Ka6 42. Re8 {[%emt 0:00:00] Weighted Error Value: White=0.14 (very precise) /Black=0.20 (precise)} 1-0

[Event "10th Amsterdam Science Park 2022"]
[Site "Amsterdam"]
[Date "2022.07.21"]
[Round "4.10"]
[White "Vroombout, Enrico"]
[Black "Berrevoets, Jeroen"]
[Result "1-0"]
[ECO "D80"]
[WhiteElo "2125"]
[BlackElo "2064"]
[Annotator "NA"]
[PlyCount "77"]
[EventDate "2022.07.18"]
[EventCountry "NED"]
[SourceTitle "playchess.com"]
[Source "ChessBase"]
[SourceQuality "1"]
[TimeControl "5400+30"]

1. d4 Nf6 2. c4 g6 3. Nc3 d5 4. h4 c6 5. cxd5 cxd5 6. Bg5 Bg7 7. Qb3 e6 8. Nf3 h6 9. Bf4 O-O 10. e3 b6 11. Nb5 a6 12. Nc7 Ra7 13. Nxd5 exd5 14. Bxb8 Ra8 15. Bf4 b5 16. Bd3 Be6 17. Rc1 Ne4 18. Qa3 Re8 19. Bc7 Rc8 20. Qa5 Qe7 21. O-O Bf5 22. Bf4 Ng3 23. Bxg3 Bxd3 24. Rfd1 Bc2 25. Rd2 Be4 26. Rdd1 Bc2 27. Re1 Rc6 28. a4 Rec8 29. axb5 axb5 30. Qxb5 Bd3 31. Rxc6 Bxb5 32. Rxc8+ Kh7 33. Rc7 Qe8 34. Ra1 Bd7 35. Raa7 Be6 36. Ne5 Bxe5 37. Bxe5 g5 38. h5 Qb5 39. Ra8 1-0